 Dungeon Crawl Stone Soup version 0.26.1-11-gd32895ea62 (webtiles) character file.

Game seed: 10269802081114972318

4402 Gwenloh the Geomancer (level 10, -4/59 HPs)
             Began as a Gargoyle Earth Elementalist on May 8, 2021.
             Was a Follower of Sif Muna.
             Slain by a troll (7 damage)
             ... on level 9 of the Dungeon.
             The game lasted 00:44:15 (12424 turns).

Gwenloh the Geomancer (GrEE)                       Turns: 12424, Time: 00:44:15

Health: -4/59      AC: 16    Str: 14    XL:     10   Next: 35%
Magic:  8/13       EV: 12    Int: 19    God:    Sif Muna [*.....]
Gold:   614        SH:  0    Dex: 10    Spells: 3/14 levels left

rFire    x . .     SeeInvis .   c - +4 quarterstaff (chaos)
rCold    + + .     Faith    .   (shield currently unavailable)
rNeg     + . .     Spirit   .   s - +1 robe {Will+}
rPois    ∞         Reflect  .   g - +1 helmet
rElec    +         Harm     .   d - +1 cloak
rCorr    .         Rampage  .   e - +0 pair of gloves
Will     +....                  (no boots)
Stlth    ++........             (no amulet)
HPRegen  0.19/turn              f - ring of ice
MPRegen  0.13/turn              J - ring of Voojatio {*Drain rElec rPois rC+ Str+2}

@: no status effects
A: negative energy resistance 1, electricity resistance, unbreathing,
petrification resistance, miasma immunity, AC +7
a: Renounce Religion, Channel Magic


You were on level 9 of the Dungeon.
You worshipped Sif Muna.
Sif Muna was aware of your devotion.
You visited 2 branches of the dungeon, and saw 10 of its levels.

You collected 614 gold pieces.

Inventory:

Hand Weapons
 c - a +4 quarterstaff of chaos (weapon)
 H - a +1 whip of electrocution
Missiles
 b - 387 stones
 q - 19 poisoned darts (quivered)
 x - 4 boomerangs
Armour
 d - a +1 cloak (worn)
 e - a +0 pair of gloves (worn)
 g - a +1 helmet (worn)
 s - a +1 robe of willpower (worn)
 O - a +0 troll leather armour
Magical Staves
 G - an uncursed staff of conjuration
Jewellery
 f - a ring of ice (left hand)
 J - the ring of Voojatio (right hand) {*Drain rElec rPois rC+ Str+2}
   (You found it on level 7 of the Dungeon)

   [ring of protection from cold]

   It affects your strength (+2).
   It protects you from cold.
   It insulates you from electricity.
   It protects you from poison.
   It causes draining when unequipped.
Wands
 o - a wand of paralysis (6)
 r - a wand of acid (6)
 v - a wand of random effects (25)
 w - a wand of polymorph (8)
 F - a wand of iceblast (9)
Scrolls
 a - a scroll of enchant weapon
 i - 3 scrolls of amnesia
 k - a scroll of magic mapping
 t - 3 scrolls of teleportation
 y - a scroll of fog
 z - 5 scrolls of remove curse
 A - a scroll of immolation
 C - 3 scrolls of enchant armour
 I - a scroll of identify
 K - a scroll of holy word
 N - 3 scrolls of fear
Potions
 h - 3 potions of curing
 j - 2 potions of might
 l - a potion of brilliance
 m - 2 potions of attraction
 n - 3 potions of heal wounds {unknown}
 p - a potion of berserk rage {unknown}
 u - a potion of invisibility {unknown}
 B - a potion of haste {unknown}
 D - a potion of flight {unknown}
 E - a potion of degeneration {unknown}
 L - a potion of mutation {unknown}
 M - a potion of lignification {unknown}


   Skills:
 + Level 5.4 Fighting
 - Level 5.0 Armour
 - Level 1.5 Dodging
 - Level 2.1 Stealth
 - Level 2.5 Spellcasting
 + Level 7.2 Conjurations
 - Level 0.7 Transmutations
 * Level 12.0 Earth Magic
 + Level 5.3 Invocations


You had 3 spell levels left.
You knew the following spells:

 Your Spells              Type           Power        Failure   Level
a - Sandblast             Erth           96%          1%          1
b - Stone Arrow           Conj/Erth      76%          1%          3
c - Lee's Rapid Deconstr  Erth           24%          3%          5
d - Passwall              Tmut/Erth      21%          1%          2

Your spell library contained the following spells:

 Spells                   Type           Power        Failure   Level
 Sting                    Tmut/Pois      12%          14%         1
 Animate Skeleton         Necr           4%           16%         1
 Apportation              Tloc           4%           16%         1
 Corona                   Hex            2%           16%         1
 Summon Small Mammal      Summ           8%           16%         1
 Mephitic Cloud           Conj/Pois/Air  11%          19%         3
 Poisonous Vapours        Pois/Air       4%           24%         2
 Ignite Poison            Fire/Tmut/Pois 3%           41%         3
 Petrify                  Tmut/Erth      26%          12%         4
 Olgreb's Toxic Radiance  Pois           2%           85%         4


Dungeon Overview and Level Annotations

Branches:
Dungeon (9/15)             Temple (1/1) D:5
   Lair: D:8-11         Orc: D:9-12

Altars:
Ashenzari
Cheibriados
Dithmenos
Elyvilon
Fedhas
Hepliaklqana
Kikubaaqudgha
Makhleb
Nemelex Xobeh
Okawaru
Qazlal
Ru
Sif Muna
Trog
Uskayaw
Vehumet
Wu Jian
Xom
Yredelemnul
Zin
The Shining One

Annotations:
D:5 3 runed translucent doors, sixsigma's ghost, novice GnCj


Innate Abilities, Weirdness & Mutations

You are resistant to torment.
Your stone body is resilient. (AC +7)
You are immune to poison.
You resist negative energy. (rN+)
You are resistant to electric shocks. (rElec)
You can survive without breathing.
You are immune to petrification.
You are immune to miasma.


Message History

Aiming: Sandblast (safe; 1% risk of failure)
Press: ? - help, Shift-Dir - straight line, f/p - troll
Aim: a troll (moderately wounded, 17% to evade)
The blast of sand hits the troll!
The troll is heavily wounded.
b - 387 stones The troll bites you.
The troll claws you!
* * * LOW HITPOINT WARNING * * *
The troll claws you but does no damage.
Casting: Sandblast (safe; 1% risk of failure)
Confirm with . or Enter, or press ? or * to list all spells.
Aiming: Stone Arrow (safe; 1% risk of failure)
Press: ? - help, Shift-Dir - straight line, f/p - troll
Aim: a troll (moderately wounded, 26% to evade)
The stone arrow hits the troll!
The troll is severely wounded.
The troll bites you!
* * * LOW HITPOINT WARNING * * *
The troll claws you but does no damage. The troll claws you!
You die...

#.# #.# #.## #.# #..#
###.###### ##'## #.....<..#
....# #........# ....###
#........########
....'.#####....<......>....
....#..............########
....#######.....@..# .)..#
#.....T..# #+### ######.###
#..# #.## ... #.... #....
#....


You could see a troll.

Vanquished Creatures
  Pikel (D:6)
  Grinder (D:6)
  Sigmund (D:3)
  3 yaks (D:9)
  Menkaure (D:5)
  Edmund (D:6)
  Duvessa (D:6)
  A sky beast (D:8)
  2 phantoms
  An ice beast (D:4)
  3 ogres
  2 necrophages
  2 lemures
  A big kobold (D:8)
  4 bullfrogs
  A wyvern skeleton (D:6)
  A scorpion (D:4)
  Dowan (D:6)
  4 killer bees (D:7)
  4 howler monkeys (D:8)
  A quasit (D:7)
  3 hounds (D:8)
  4 orc priests
  2 jellies
  Crazy Yiuf (D:6)
  A centaur skeleton (D:4)
  3 iguanas
  9 orc wizards
  7 worker ants
  2 hound zombies
  3 hound skeletons
  5 gnolls
  9 adders
  2 white imps
  5 ufetubi
  An ooze (D:1)
  An adder zombie (D:5)
  3 adder skeletons (D:4)
  4 worms
  2 dart slugs
  A leopard gecko (D:2)
  8 orcs
  A ball python (D:1)
  3 giant cockroaches
  11 goblins
  9 hobgoblins
  19 jackals
  3 quokkas
  4 bats
  8 frilled lizards
  2 jackal skeletons
  A jackal zombie (D:5)
  13 kobolds
  A quokka skeleton (D:4)
  8 rats
196 creatures vanquished.

Vanquished Creatures (others)
  An orc wizard (D:4)
  3 plants (D:3)
4 creatures vanquished.

Grand Total: 200 creatures vanquished

Notes
Turn   | Place    | Note
-------+----------+-------------------------------------------
     0 | D:1      | Gwenloh the Gargoyle Earth Elementalist began the quest for
                  | the Orb.
     0 | D:1      | Reached XP level 1. HP: 10/10 MP: 3/3
   256 | D:1      | Reached skill level 4 in Earth Magic
   281 | D:1      | Reached XP level 2. HP: 15/15 MP: 1/5
   284 | D:1      | Learned a level 2 spell: Passwall
   663 | D:1      | Reached XP level 3. HP: 19/19 MP: 6/6
   667 | D:1      | Learned a level 3 spell: Stone Arrow
  1360 | D:2      | Reached skill level 5 in Earth Magic
  1414 | D:2      | Reached XP level 4. HP: 15/24 MP: 5/7
  1580 | D:2      | Reached skill level 1 in Conjurations
  1821 | D:2      | Found a faded altar of an unknown god.
  2014 | D:2      | You fall into a shaft and drop 2 floors!
  2026 | D:4      | Reached skill level 1 in Armour
  2145 | D:4      | Reached XP level 5. HP: 4/28 MP: 2/8
  2544 | D:4      | Noticed an ice beast
  2563 | D:3      | Reached skill level 6 in Earth Magic
  3017 | D:3      | Reached XP level 6. HP: 32/32 MP: 5/9
  3290 | D:3      | Noticed Sigmund
  3303 | D:3      | Killed Sigmund
  3304 | D:3      | Reached skill level 7 in Earth Magic
  3422 | D:2      | Found a blossoming altar of Fedhas.
  3638 | D:2      | Reached XP level 7. HP: 36/36 MP: 10/10
  3874 | D:3      | Found a hide-covered altar of Uskayaw.
  3874 | D:3      | Noticed a +0 hand axe
  3874 | D:3      | Noticed a +0 dagger
  4969 | D:3      | Learned a level 5 spell: Lee's Rapid Deconstruction
  5267 | D:4      | Reached skill level 8 in Earth Magic
  5346 | D:4      | Reached XP level 8. HP: 23/41 MP: 1/11
  6203 | D:5      | Entered Level 5 of the Dungeon
  6337 | D:5      | Found a runed translucent gate.
  6338 | D:5      | Found a runed translucent gate.
  6338 | D:5      | Found a runed translucent gate.
  6339 | D:5      | Noticed sixsigma's ghost (novice GnCj)
  6412 | D:5      | Found a staircase to the Ecumenical Temple.
  6421 | Temple   | Entered the Ecumenical Temple
  6665 | Temple   | Became a worshipper of Sif Muna the Loreminder
  6887 | D:5      | Found a white marble altar of Elyvilon.
  6897 | D:5      | Reached skill level 1 in Fighting
  6897 | D:5      | Reached skill level 9 in Earth Magic
  6963 | D:5      | Noticed Menkaure
  6979 | D:5      | Killed Menkaure
  6980 | D:5      | Reached skill level 1 in Invocations
  7416 | D:6      | Noticed Edmund
  7452 | D:6      | Noticed Duvessa
  7453 | D:6      | Killed Edmund
  7683 | D:6      | Noticed Pikel
  7685 | D:6      | Reached skill level 5 in Armour
  7685 | D:6      | Reached skill level 5 in Conjurations
  8000 | D:6      | Found a runed translucent door.
  8001 | D:6      | Noticed Crazy Yiuf
  8083 | D:6      | Noticed Dowan
  8687 | D:6      | Noticed Grinder
  8691 | D:6      | Killed Grinder
  8692 | D:6      | Reached skill level 10 in Earth Magic
  8692 | D:6      | Reached XP level 9. HP: 49/49 MP: 4/12
  8999 | D:6      | Killed Pikel
  9479 | D:6      | Killed Dowan
  9497 | D:6      | Killed Duvessa
  9678 | D:6      | Killed Crazy Yiuf
 10011 | D:7      | Found a shadowy altar of Dithmenos.
 10196 | D:7      | Found a basalt altar of Yredelemnul.
 10197 | D:7      | Found a glowing golden altar of the Shining One.
 10197 | D:7      | Found a broken altar of Ashenzari.
 10198 | D:7      | Found a glowing silver altar of Zin.
 10217 | D:7      | Reached skill level 11 in Earth Magic
 10369 | D:7      | Got a coiled pewter ring
 10844 | D:7      | Reached * piety under Sif Muna
 10847 | D:7      | Found an iron altar of Okawaru.
 11535 | D:8      | Reached XP level 10. HP: 53/58 MP: 7/13
 11798 | D:8      | Reached skill level 5 in Fighting
 11884 | D:8      | Found a radiant altar of Vehumet.
 12128 | D:9      | Identified the ring of Voojatio {*Drain rElec rPois rC+
                  | Str+2} (You found it on level 7 of the Dungeon)
 12189 | D:9      | Reached skill level 5 in Invocations
 12208 | D:9      | Reached skill level 12 in Earth Magic
 12424 | D:9      | Slain by a troll

Illustrated notes

Levels and vault maps discovered:
D:1:      eino_arrival_tree_alley, layout_basic, moated_statue
D:2:      layout_loops_ring, fedhas_altar_1, chequers_ecumenical_altar_grove,
          grunt_ministairs_10
D:3:      layout_basic, dancing_weapons_uskayaw, serial_forest,
          infiniplex_forest_clump_small, infiniplex_forest_lined_corner,
          infiniplex_forest_clump_long, infiniplex_forest_zigzag_1,
          infiniplex_forest_clump_large, infiniplex_forest_lined_ring,
          infiniplex_forest_end_double, infiniplex_forest_3_way, uniq_sigmund
D:4:      minmay_angry_zag, layout_cave_pools
D:5:      layout_basic, elyvilon_altar_5, minmay_temple_entry_antechambers,
          ebering_ghost_rock_garden, uniq_menkaure
D:6:      layout_gridville, uniq_duvessa, uniq_grinder, uniq_crazy_yiuf_cottage,
          uniq_edmund, uniq_pikel
D:7:      layout_basic, okawaru_altar_gauntlet_db,
          nicolae_dithmenos_shadow_blocks,
          chequers_temple_overflow_statue_of_worship
D:8:      layout_basic, nicolae_overflow_crystal_walls
D:9:      layout_roguey, nicolae_gozag_seed_capital
Temple:   minmay_temple_curvy_loop

Skill      XL: |  1  2  3  4  5  6  7  8  9 10 |
---------------+-------------------------------+-----
Earth Magic    | 4 5 6 7 8 10 11 12 | 12.0
Conjurations   | 1 2 3 4 5 6 7 |  7.2
Armour         | 1 2 3 4 5 |  5.0
Fighting       | 2 4 5 |  5.4
Invocations    | 2 4 5 |  5.3
Dodging        | |  1.5
Stealth        | |  2.1
Spellcasting   | |  2.5
Transmutations | |  0.7

Action                   |  1- 3 |  4- 6 |  7- 9 | 10-12 || total
-------------------------+-------+-------+-------+-------++-------
Melee: Whip              |   124 |   231 |   264 |       ||   619
       Short sword       |     4 |       |       |       ||     4
       Quarterstaff      |       |       |    59 |    43 ||   102
Throw: Dart              |       |     8 |    24 |     7 ||    39
       Boomerang         |       |       |     5 |       ||     5
 Cast: Sandblast         |    11 |    22 |    61 |     6 ||   100
       Stone Arrow       |       |       |    37 |     4 ||    41
       Lee's Rapid Decon |       |       |    20 |     6 ||    26
Evoke: Wand              |       |     3 |     6 |       ||     9
  Use: Scroll            |       |     4 |     7 |     3 ||    14
 Stab: Sleeping          |     7 |     2 |     2 |       ||    11
       Paralysed         |       |     9 |       |       ||     9
Armor: Robe              |    25 |    73 |   201 |    29 ||   328
       Leather armour    |    25 |    28 |       |       ||    53
       Skin              |       |       |    15 |       ||    15
Dodge: Dodged            |    73 |   157 |   263 |    27 ||   520
